 Dungeon Crawl Stone Soup version 0.19-a0-1899-g2d93087 (webtiles) character file.

4696 poirepourri the Markself (level 10, 0/73 HPs)
             Began as a High Elf Hunter on Oct 19, 2016.
             Was a Believer of Okawaru.
             Slain by dobroeutro's ghost (2 damage)
             ... on level 10 of the Dungeon.
             The game lasted 00:13:59 (12248 turns).

poirepourri the Markself (High Elf Hunter)         Turns: 12248, Time: 00:14:00

Health: 0/73       AC:  7    Str: 13    XL:     10   Next: 21%
Magic:  2/11       EV: 14    Int: 17    God:    Okawaru [**....]
Gold:   416        SH:  0    Dex: 16    Spells: 0 memorised, 9 levels left

rFire  . . .     SeeInvis .     b - +2 short sword
rCold  . . .     Gourm    .     c - +0 leather armour
rNeg   . . .     Faith    .     (no shield)
rPois  .         Spirit   .     (no helmet)
rElec  .         Reflect  .     p - +1 cloak
rCorr  .         Harm     .     l - +1 pair of gloves
MR     +....                    (no boots)
Stlth  +.........               (no amulet)
                                (no ring)
                                (no ring)

@: lethally poisoned (0 -> -13), flying, very slightly contaminated, drained,
invisible
A: no striking features
a: Heroism, Renounce Religion


You were on level 10 of the Dungeon.
You worshipped Okawaru.
Okawaru was pleased with you.
You were not hungry.

You visited 2 branches of the dungeon, and saw 11 of its levels.

You collected 588 gold pieces.
You spent 172 gold pieces at shops.

Inventory:

Hand Weapons
 a - a +1 shortbow
 b - a +2 short sword (weapon)
Missiles
 d - 102 arrows
Armour
 c - a +0 leather armour (worn)
 j - a +0 buckler
 l - a +1 pair of gloves (worn)
 p - a +1 cloak (worn)
Rods
 y - a +0 rod of shadows (13/13)
   (You found it on level 10 of the Dungeon)
Jewellery
 x - an uncursed amulet of the gourmand
 F - a +3 amulet of reflection {unknown}
Wands
 q - a wand of flame (36/48)
 r - a wand of flame (36/48)
 w - a wand of disintegration (12/24)
 z - a wand of teleportation (4/9)
 H - a wand of acid (13/15)
Scrolls
 g - a scroll of recharging
 h - 3 scrolls of remove curse
 n - 3 scrolls of fog
 u - a scroll of amnesia
Potions
 e - a potion of invisibility
 f - a potion of berserk rage {unknown}
 i - a potion of ambrosia
 k - a potion of lignification
 m - a potion of magic
 A - a potion of mutation {unknown}
 B - a potion of resistance {unknown}
 J - a potion of might {unknown}
Books
 I - a book of Maledictions

   Spells                             Type                      Level
   a - Corona                         Hexes                        1
   b - Ensorcelled Hibernation        Hexes/Ice                    2
   c - Confuse                        Hexes                        3
   d - Tukima's Dance                 Hexes                        3
   e - Dazzling Spray                 Conjuration/Hexes            3
Comestibles
 o - 10 fruits
 t - 8 meat rations
 G - a slice of pizza


   Skills:
 + Level 8.5(7.8) Fighting
 + Level 1.3(0.7) Short Blades
 + Level 15.1(14.3) Bows
 - Level 0.3(0.0) Armour
 + Level 5.0(4.4) Dodging
 - Level 1.1(0.5) Stealth
 + Level 0.8(0.2) Evocations


You had 9 spell levels left.
You didn't know any spells.

Dungeon Overview and Level Annotations

Branches:
Dungeon (10/15)            Temple (1/1) D:7
   Lair: D:8-11         Orc: D:9-12

Altars:
Ashenzari
Cheibriados
Dithmenos
Elyvilon
Fedhas
Gozag
Hepliaklqana
Kikubaaqudgha
Makhleb
Nemelex Xobeh
Okawaru
Qazlal
Ru
Sif Muna
Trog
Uskayaw
Vehumet
Xom
Yredelemnul
Zin
The Shining One

Shops:
D:6 ?   D:7 ?

Annotations:
D:10 Nergalle; Psyche; dobroeutro's ghost, journeyman KoHu


Message History

You hit the spectral orc knight but do no damage.
The spectral orc knight is lightly damaged.
Dobroeutro's ghost hits you!
* * * LOW HITPOINT WARNING * * *
You are lethally poisoned!
The spectral orc knight barely misses you.
The scorpion moves out of view.
Unknown command.
You barely miss the spectral orc knight.
* * * LOW HITPOINT WARNING * * *
You feel sick. Dobroeutro's ghost barely misses you.
The spectral orc knight hits you with a long sword.
* * * LOW HITPOINT WARNING * * *
Unknown command.
Unknown command.
Unknown command.
You hit the spectral orc knight but do no damage.
* * * LOW HITPOINT WARNING * * *
You feel sick. Dobroeutro's ghost hits you.
You die...

#h.. #.####..##..##.#..
#@..##
#.......<...##.... ....
.###
##.####..##.###.##.
.... ..# ##..(##..o #.#
#.##. ...W #.#
#.ZGoG.... #.# #.##.
#$.. ##.## #.ZZZ##..>
#.# #.##.
#...##...#####(#o####..
#.###..#.
#...(....(...Z#W# ...
.........
#####...#######@#
#...##.######. ##.##
#Z###...# #. #.#
#ยงยง...... #####.
####.#
#####...#####.....
#....# #..........###
#.#### #.#.#####.####
#.# #....#......># #.#
#....)........ #.#
#####....#.#...#.#


You could see Nergalle, a spectral orc, a spectral orc warrior, 3 spectral orc
knights, an eye of draining, dobroeutro's ghost and an orc.

Vanquished Creatures
  Maurice (D:10)
  Joseph (D:7)
  Grinder (D:3)
  3 hippogriffs
  A wyvern (D:9)
  3 ogres
  An orc warrior (D:7)
  5 sky beasts
  2 centaurs (D:9)
  A big kobold (D:7)
  6 bullfrogs
  3 scorpions
  A wyvern skeleton (D:9)
  6 killer bees
  4 howler monkeys
  5 wights (D:9)
  2 crimson imps
  2 centaur zombies
  A quasit (D:9)
  An orc priest (D:5)
  2 hounds
  2 jellies
  A centaur skeleton (D:8)
  An orc wizard (D:9)
  2 iguanas
  Natasha (thrice) (D:2)
  8 worker ants
  A hound skeleton (D:9)
  A worker ant zombie (D:9)
  6 gnolls
  7 adders
  3 shadow imps
  An adder zombie (D:7)
  An adder skeleton (D:8)
  A worm (D:8)
  3 dart slugs
  3 leopard geckos
  13 orcs
  6 bats
  3 giant cockroaches
  8 goblins
  6 hobgoblins
  13 jackals
  10 kobolds
  4 quokkas
  A frilled lizard (D:4)
  A jackal skeleton (D:5)
  A quokka skeleton (D:5)
  2 rats
164 creatures vanquished.

Vanquished Creatures (others)
  A quokka (D:5)
1 creature vanquished.

Grand Total: 165 creatures vanquished

Notes
Turn   | Place    | Note
-------+----------+-------------------------------------------
     0 | D:1      | poirepourri the High Elf Hunter began the quest for the Orb.
     0 | D:1      | Reached XP level 1. HP: 14/14 MP: 2/2
   112 | D:1      | Reached XP level 2. HP: 19/19 MP: 3/3
   939 | D:2      | Reached skill level 6 in Bows
   965 | D:2      | Noticed Natasha
   975 | D:2      | Killed Natasha
   975 | D:2      | Reached XP level 3. HP: 13/24 MP: 4/4
  1270 | D:2      | Noticed an ogre
  1283 | D:2      | Killed an ogre
  1283 | D:2      | Reached skill level 7 in Bows
  1283 | D:2      | Reached XP level 4. HP: 30/30 MP: 5/5
  1592 | D:2      | Reached XP level 5. HP: 35/35 MP: 6/6
  1683 | D:2      | Noticed Natasha
  1688 | D:2      | Killed Natasha
  1688 | D:2      | Reached skill level 8 in Bows
  1814 | D:2      | Noticed Natasha
  1823 | D:2      | Killed Natasha
  2588 | D:3      | Noticed Grinder
  2590 | D:3      | Paralysed by Grinder for 7 turns
  2608 | D:3      | Paralysed by Grinder for 7 turns
  2627 | D:3      | Paralysed by Grinder for 6 turns
  2641 | D:3      | Paralysed by Grinder for 7 turns
  2651 | D:3      | Killed Grinder
  2651 | D:3      | Reached skill level 9 in Bows
  2651 | D:3      | Reached XP level 6. HP: 42/42 MP: 7/7
  3356 | D:4      | Found an iron altar of Okawaru.
  3449 | D:4      | You fall through a shaft for 2 floors!
  3449 | D:6      | Noticed a sky beast
  3461 | D:6      | Killed a sky beast
  3461 | D:6      | Reached skill level 10 in Bows
  3461 | D:6      | Reached XP level 7. HP: 46/46 MP: 8/8
  3764 | D:6      | Reached skill level 11 in Bows
  3919 | D:6      | Found Nohiatre's Magic Scroll Shop.
  3922 | D:6      | Bought a scroll of blinking for 75 gold pieces
  4022 | D:6      | Found a glowing silver altar of Zin.
  4022 | D:6      | Noticed an angel
  4160 | D:6      | Reached XP level 8. HP: 54/54 MP: 9/9
  4553 | D:7      | Found Lupeq's Magic Scroll Shoppe.
  4565 | D:7      | Bought a scroll of blinking for 97 gold pieces
  4575 | D:7      | Found an opulent altar of Gozag.
  4663 | D:7      | Found a radiant altar of Vehumet.
  4666 | D:7      | Noticed Joseph
  4685 | D:7      | Killed Joseph
  4685 | D:7      | Reached skill level 5 in Fighting
  4685 | D:7      | Reached skill level 12 in Bows
  5032 | D:7      | Noticed a hippogriff
  5045 | D:7      | Killed a hippogriff
  5568 | D:7      | Reached skill level 13 in Bows
  5884 | D:7      | Found a staircase to the Ecumenical Temple.
  5910 | Temple   | Entered the Ecumenical Temple
  5993 | D:5      | Entered Level 5 of the Dungeon
  6026 | D:5      | Reached XP level 9. HP: 62/62 MP: 10/10
  6452 | D:4      | Became a worshipper of Warmaster Okawaru
  6532 | D:5      | Found a snail-covered altar of Cheibriados.
  7100 | D:5      | Found a white marble altar of Elyvilon.
  7816 | D:8      | Reached * piety under Okawaru
  7816 | D:8      | Reached skill level 14 in Bows
  8232 | D:8      | Found a snail-covered altar of Cheibriados.
 10556 | D:9      | Found a basalt altar of Yredelemnul.
 10855 | D:9      | Reached XP level 10. HP: 65/72 MP: 11/11
 11127 | D:9      | Reached ** piety under Okawaru
 11460 | D:9      | Reached skill level 15 in Bows
 11662 | D:9      | Reached skill level 5 in Dodging
 11692 | D:10     | Entered Level 10 of the Dungeon
 11732 | D:10     | Noticed Maurice
 11772 | D:10     | Killed Maurice
 11772 | D:10     | Reached skill level 1 in Short Blades
 12204 | D:10     | Noticed dobroeutro's ghost (journeyman KoHu)
 12205 | D:10     | Noticed Psyche
 12222 | D:10     | Noticed Nergalle
 12248 | D:10     | HP: 2/73 [poisoned by dobroeutro's ghost]
 12248 | D:10     | Slain by dobroeutro's ghost

Vault maps used:
D:1:      arrival_zaba_pyramid
D:2:      first_bread, uniq_natasha
D:3:      columned_hall_lemuel, minmay_misc_feat_encased, uniq_grinder
D:4:      kennysheep_okawaru_gauntlet, serial_corexii_hall,
          corexii_hall_statues_t, corexii_hall_statues_t
D:5:      old_standard_altar, elyvilon_altar_4
D:6:      zin_angel, serial_shops, kennysheep_mini
D:7:      grunt_gozag_breadcrumbs, vehumet_altar_wand_db, serial_shops,
          shop_fountains, uniq_joseph
D:8:      cheibrodos_worm_habitat
D:9:      kennysheep_little_box
D:10:     uniq_harold, uniq_psyche, uniq_snorg, uniq_maurice, uniq_nergalle
Temple:   eino_wide_crystal_templ

Skill      XL: |  1  2  3  4  5  6  7  8  9 10 |
---------------+-------------------------------+-----
Bows           | 6 7 9 10 11 13 14 15 | 15.1
Fighting       | 3 4 6 8 |  8.5
Dodging        | 3 4 5 |  5.0
Short Blades   | 1 |  1.3
Armour         | |  0.3
Stealth        | |  1.1
Evocations     | |  0.8

Action                   |  1- 3 |  4- 6 |  7- 9 | 10-12 || total
-------------------------+-------+-------+-------+-------++-------
Melee: Short sword       |       |       |    24 |    18 ||    42
 Fire: Shortbow          |    51 |   127 |   545 |    77 ||   800
Evoke: Wand              |       |       |     5 |       ||     5
  Use: Scroll            |     4 |     1 |    16 |     4 ||    25
       Potion            |       |     7 |     2 |     5 ||    14
  Eat: Bread ration      |     1 |     1 |     4 |       ||     6
       Beef jerky        |       |     1 |       |       ||     1
       Pizza             |       |       |     2 |       ||     2
       Royal jelly       |       |       |       |     1 ||     1
       Fruit             |       |       |       |     1 ||     1
Armor: Leather armour    |     1 |    14 |    37 |    16 ||    68
       Skin              |       |     8 |       |       ||     8
Dodge: Dodged            |    12 |    31 |   160 |    41 ||   244
